 Dungeon Sprint DCSS version 0.19.0-2-gae57169 (webtiles) character file.

630 poirepourri the Fighter (level 7, -8/56 HPs)
             Began as a Gargoyle Fighter on Nov 3, 2016.
             Was an Initiate of Okawaru.
             Mangled by Sonja
             ... wielding a +2 dagger of distortion
              (11 damage)
             ... in the Dungeon (Sprint I: "Red Sonja").
             The game lasted 00:01:44 (877 turns).

poirepourri the Fighter (Gargoyle Fighter)           Turns: 877, Time: 00:01:45

Health: -8/56      AC: 11    Str: 20    XL:     7   Next: 48%
Magic:  7/7        EV:  9    Int:  9    God:    Okawaru [......]
Gold:   312        SH:  9    Dex: 10    Spells: 0 memorised, 6 levels left

rFire  . . .     SeeInvis .     a - +0 flail
rCold  . . .     Gourm    .     b - +0 scale mail
rNeg   + . .     Faith    .     c - +0 shield
rPois  ∞         Spirit   .     (no helmet)
rElec  +         Reflect  .     (no cloak)
rCorr  .         Harm     .     (no gloves)
MR     .....     NoTele   +     (no boots)
Stlth  ..........               (no amulet)
                                (no ring)
                                (no ring)

@: exhausted, slowed, very slow
A: negative energy resistance 1, electricity resistance, unbreathing,
petrification resistance, rot immunity, AC +4
a: Renounce Religion


You were in the Dungeon.
You worshipped Okawaru.
Okawaru was noncommittal.
You were not hungry.

You visited 1 branch You collected 405 gold pieces.
You spent 93 gold pieces at shops.

Inventory:

Hand Weapons
 a - a +0 flail (weapon)
Armour
 b - a +0 scale mail (worn)
 c - a +0 shield (worn)
Wands
 e - a wand of polymorph (0/24)
Scrolls
 k - a scroll of blinking
Potions
 h - a potion of haste
 i - 2 potions of magic
Comestibles
 f - a bread ration


   Skills:
 + Level 12.6 Fighting
 + Level 9.5 Maces & Flails
 - Level 3.2 Armour
 + Level 4.2 Dodging
 - Level 3.2 Shields
 - Level 1.5 Unarmed Combat


You had 6 spell levels left.
You didn't know any spells.

Dungeon Overview and Level Annotations

Branches:
Dungeon (1/1)

Altars:
Cheibriados
Dithmenos
Elyvilon
Fedhas
Gozag
Hepliaklqana
Kikubaaqudgha
Makhleb
Nemelex Xobeh
Okawaru
Qazlal
Ru
Sif Muna
Trog
Uskayaw
Vehumet
Xom
Yredelemnul
Zin
The Shining One
Jiyva
Lugonu

Shops:
D *

Annotations:
D Sonja


Innate Abilities, Weirdness & Mutations

You are resistant to torment.
Your stone body is resilient. (AC +4)
You are immune to poison.
You resist negative energy. (rN+)
You are resistant to electric shocks. (rElec)
You can survive without breathing.
You are immune to petrification.
You are immune to rotting.


Message History

a curare-tipped needle; a yak skeleton Sonja unwields an uncursed blowgun.
Sonja wields an uncursed dagger of distortion.
Its appearance distorts for a moment.
You block Sonja's attack. Sonja barely misses you. Sonja completely misses you.
You see here a curare-tipped needle.
You miss Sonja.
Sonja is moderately wounded.
You block Sonja's attack. Sonja hits you but does no damage.
Sonja barely misses you. You block Sonja's attack. Sonja closely misses you.
Sonja hits you but does no damage.
You miss Sonja.
Sonja is moderately wounded.
Sonja hits you with an uncursed dagger of distortion.
* * * LOW HITPOINT WARNING * * *
Space bends around you.
* * * LOW HITPOINT WARNING * * *
Sonja barely misses you. Sonja hits you but does no damage.
Space warps horribly around you!
You die...

######################
#<.#..)..#..'..#__#..+
#..'..#..').#..'..'..#
#..#####'#####'#__####
#..####..#...#)####
#..#__####..##)#
#..#_____##'#(.+
#⌠⌠#_.∩.K@(.(._#
####_..__##_.#'#
#_____###'#)# #######
#.### $.$ $.$# ##.##
#+#


You could see Sonja.

Vanquished Creatures
  A slime creature (D)
  Sigmund (D)
  A yak (D)
  An ogre (D)
  A jelly (D)
  Ijyb (D)
6 creatures vanquished.

Notes
Turn   | Place    | Note
-------+----------+-------------------------------------------
     0 | D        | poirepourri the Gargoyle Fighter began the quest for the Orb.
     0 | D        | Reached XP level 1. HP: 14/14 MP: 1/1
     1 | D        | Noticed Ijyb
    30 | D        | Killed Ijyb
    30 | D        | Reached skill level 5 in Fighting
    30 | D        | Reached skill level 1 in Dodging
    30 | D        | Reached XP level 2. HP: 13/22 MP: 2/2
    30 | D        | Reached XP level 3. HP: 16/27 MP: 3/3
   230 | D        | Noticed an ogre
   236 | D        | Killed an ogre
   236 | D        | Reached skill level 8 in Fighting
   236 | D        | Reached skill level 5 in Maces & Flails
   236 | D        | Reached XP level 4. HP: 19/36 MP: 4/4
   251 | D        | Noticed Sigmund
   257 | D        | Killed Sigmund
   257 | D        | Reached skill level 10 in Fighting
   257 | D        | Reached XP level 5. HP: 42/43 MP: 5/5
   257 | D        | Reached XP level 6. HP: 46/48 MP: 6/6
   269 | D        | Found a deep blue altar of Sif Muna.
   274 | D        | Found a radiant altar of Vehumet.
   283 | D        | Reached skill level 11 in Fighting
   471 | D        | Found Exzetut's Assorted Antiques.
   471 | D        | Found an ancient bone altar of Kikubaaqudgha.
   471 | D        | Found a hazy altar of Hepliaklqana.
   471 | D        | Found a stormy altar of Qazlal.
   471 | D        | Found a hide-covered altar of Uskayaw.
   471 | D        | Found a blossoming altar of Fedhas.
   471 | D        | Found a bloodstained altar of Trog.
   471 | D        | Found an iron altar of Okawaru.
   471 | D        | Found a basalt altar of Yredelemnul.
   471 | D        | Found a glowing golden altar of the Shining One.
   471 | D        | Found a snail-covered altar of Cheibriados.
   471 | D        | Found a sacrificial altar of Ru.
   471 | D        | Found a glowing silver altar of Zin.
   471 | D        | Found a shadowy altar of Dithmenos.
   471 | D        | Found a white marble altar of Elyvilon.
   471 | D        | Noticed a yak
   481 | D        | Killed a yak
   481 | D        | Reached skill level 12 in Fighting
   481 | D        | Reached skill level 1 in Unarmed Combat
   481 | D        | Reached XP level 7. HP: 28/56 MP: 7/7
   482 | D        | Found an opulent altar of Gozag.
   483 | D        | Found a sparkling altar of Nemelex Xobeh.
   487 | D        | Bought a potion of curing for 93 gold pieces
   740 | D        | Became a worshipper of Warmaster Okawaru
   757 | D        | Found a burning altar of Makhleb.
   757 | D        | Found a viscous altar of Jiyva.
   757 | D        | Found a shimmering altar of Xom.
   757 | D        | Found a corrupted altar of Lugonu.
   757 | D        | Noticed a slime creature
   772 | D        | Killed a slime creature
   852 | D        | Noticed Sonja
   863 | D        | HP: 2/56 [Sonja/uncursed dagger of distortion (4)]
   877 | D        | Mangled by Sonja

Skill      XL: |  1  2  3  4  5  6  7 |
---------------+----------------------+-----
Fighting       | 5 8 10 12 | 12.6
Maces & Flails | 3 5 7 8 9 |  9.5
Dodging        | 1 2 3 4 |  4.2
Unarmed Combat | 1 |  1.5
Armour         | |  3.2
Shields        | |  3.2

Action                   |  1- 3 |  4- 6 |  7- 9 || total
-------------------------+-------+-------+-------++-------
Melee: Unarmed           |    17 |       |       ||    17
       Flail             |    14 |    22 |    22 ||    58
  Use: Potion            |     2 |     1 |     2 ||     5
Armor: Scale mail        |     7 |     3 |    19 ||    29
Dodge: Dodged            |    15 |     4 |    19 ||    38
Block: Shield            |     3 |     9 |    14 ||    26
